 Dungeon Crawl Stone Soup version 0.30-a0-737-gf23d94013f (webtiles) character file.

Game seed: 4555732591891719384

204 Dittersdorf the Shield-Bearer (level 5, -2/34 HPs)
             Began as a Gargoyle Fighter on Feb 1, 2023.
             Was an Initiate of Okawaru.
             Killed from afar by an orc wizard (7 damage)
             ... with a magic dart
             ... on level 4 of the Dungeon.
             The game lasted 00:04:53 (2767 turns).

Dittersdorf the Shield-Bearer (Gargoyle Fighter)    Turns: 2767, Time: 00:04:54

Health: -2/34      AC: 16    Str: 21    XL:     5   Next: 82%
Magic:  5/5        EV:  7    Int:  9    God:    Okawaru [......]
Gold:   250        SH:  4    Dex:  9    Spells: 4/4 levels left

rFire   . . .      SeeInvis .    a - +0 flail
rCold   . . .      Faith    .    c - +0 buckler
rNeg    + . .      Spirit   .    w - +0 chain mail
rPois   ∞          Reflect  .    (no helmet)
rElec   +          Harm     .    u - +0 cloak
rCorr   .          Rampage  .    p - +0 pair of gloves
Will    .....                    (no boots) Stlth
                                 (no amulet)
HPRegen 0.25/turn                (no ring)
MPRegen 0.09/turn                (no ring)

@: no status effects
A: sickness immunity, AC +4, negative energy resistance 1, electricity
resistance, torment resistance 1, petrification resistance
a: Renounce Religion


You were on level 4 of the Dungeon.
You worshipped Okawaru.
Okawaru was noncommittal.
You visited 2 branches of the dungeon, and saw 5 of its levels.

You collected 250 gold pieces.

Inventory:

Hand Weapons
 a - a +0 flail (weapon)
Armour
 c - a +0 buckler (worn)
 p - a +0 pair of gloves (worn)
 u - a +0 cloak (worn)
 w - a +0 chain mail (worn)
Scrolls
 g - 2 scrolls of immolation {unknown}
 h - 3 scrolls of noise {unknown}
 k - 5 scrolls of fog {unknown}
 l - a scroll of enchant armour {unknown}
 m - 2 scrolls of teleportation {unknown}
 q - 4 scrolls of identify {unknown}
 s - a scroll of acquirement {unknown}
 t - a scroll of amnesia {unknown}
 v - a scroll of fear {unknown}
Potions
 d - a potion of might
 e - 2 potions of haste {unknown}
 f - a potion of mutation {unknown}
 i - a potion of curing {unknown}
 j - a potion of brilliance {unknown}
 n - a potion of flight {unknown}
 o - 2 potions of lignification {unknown}
 r - a potion of heal wounds {unknown}


   Skills:
 + Level 4.4 Fighting
 + Level 3.3 Maces & Flails
 + Level 4.4 Armour
 + Level 4.5 Shields


You had 4 spell levels left.
You didn't know any spells.
Your spell library contained the following spells:

 Spells                   Type           Power      Damage    Failure   Level
 Magic Dart               Conj           0%         1d3       99%         1
 Shock                    Conj/Air       0%         1d3       99%         1
 Searing Ray              Conj           0%         2d4       100%        2
 Wereblood                Tmut           0%         N/A       100%        2
 Swiftness                Air            0%         N/A       100%        3
 Airstrike                Air            0%         2d(0-16)  100%        4
 Fulminant Prism          Conj/Hex       0%         3d5       100%        4
 Sublimation of Blood     Necr           Unusable   N/A       N/A         2
 Summon Hydra             Summ           Unusable   N/A       N/A         7

Dungeon Overview and Level Annotations

Branches:
Dungeon (4/15)             Temple (1/1) D:4

Altars:
Dithmenos
Gozag
Hepliaklqana
Kikubaaqudgha
Makhleb
Okawaru
Qazlal
Ru
Sif Muna
Trog
Uskayaw
Wu Jian
Yredelemnul
Zin

Shops:
D:4 *


Innate Abilities, Weirdness & Mutations

You are immune to sickness and miasma.
Your stone body is resilient. (AC +4)
You are immune to poison.
You resist negative energy. (rN+)
You are resistant to electric shocks. (rElec)
You are resistant to unholy torment.
You are immune to petrification.


Message History

You closely miss something. Something hits you but does no damage.
You miss something.
You hear some strange, mumbled words.
A magic dart appears from out of thin air!
The magic dart hits you!
You hit something but do no damage.
Something hits you but does no damage. x2
You hit something. Something hits you.
You miss something. Something hits you but does no damage.
You hit something. Something hits you but does no damage. Something hits you.
You miss something. Something hits you but does no damage.
You miss something. Something hits you but does no damage.
You miss something.
You hear some strange, mumbled words.
A puff of flame appears from out of thin air!
The puff of flame hits you!
* * * LOW HITPOINT WARNING * * *
You closely miss something.
Something hits you but does no damage. x2
You hit something but do no damage.
You hear some strange, mumbled words.
You are confused.
You miss something. Something hits you.
* * * LOW HITPOINT WARNING * * *
You bump into the rock wall.
Something hits you but does no damage.
You bump into the rock wall.
You hear some strange, mumbled words.
A magic dart appears from out of thin air!
The magic dart hits you.
* * * LOW HITPOINT WARNING * * *
You bump into the rock wall.
Something hits you but does no damage.
You closely miss something. Something hits you but does no damage.
You're too confused to move!
Something hits you but does no damage.
You miss something.
You feel less confused. Something hits you but does no damage.
Something hits you.
* * * LOW HITPOINT WARNING * * *
You barely miss something.
You hear some strange, mumbled words.
A magic dart appears from out of thin air!
The magic dart hits you!
You die...

..≈.≈........##.#
##.###.##..
≈≈≈.≈.###.#####.#
#.......... .o.o≈.# #...#
#.# #.#........ ≈≈≈≈≈.#
#.#.# #.# #...##.##..
......# #.#.# ##.## #
o.....# #.#.###.# #.#
...##.# #.......# #.#
.#.##.# ###.##########.### #
.#....#####.#...@........#.#
####........[..#{#.#.#.#...#
#....####.##..............#
#.##.# #.##..#.......#.#.#
...##.####.##.........)..#.#
## #.......##..#...>...#.# #
#..########...........# #..#
#.#.....).#.# # ## ...
#...........#.# #.


There were no monsters in sight!

Vanquished Creatures
  A hound (D:4)
  2 iguanas (D:4)
  4 adders
  A shadow imp (D:3)
  A worm (D:2)
  4 dart slugs
  2 orcs (Temple)
  6 ball pythons
  2 endoplasms
  3 giant cockroaches
  7 goblins
  9 hobgoblins
  4 jackals (D:3)
  2 quokkas
  5 bats
  4 frilled lizards
  6 kobolds
  8 rats
71 creatures vanquished.

Vanquished Creatures (others)
  A plant (D:4)
1 creature vanquished.

Grand Total: 72 creatures vanquished

Notes
Turn   | Place    | Note
-------+----------+-------------------------------------------
     0 | D:1      | Dittersdorf the Gargoyle Fighter began the quest for the
                  | Orb.
     0 | D:1      | Reached XP level 1. HP: 14/14 MP: 1/1
   221 | D:1      | Reached XP level 2. HP: 16/19 MP: 2/2
   692 | D:1      | Reached XP level 3. HP: 23/23 MP: 3/3
   830 | D:2      | You fall into a shaft and drop 1 floor!
   831 | D:3      | yay!
   957 | D:2      | Reached XP level 4. HP: 13/29 MP: 4/4
  1180 | D:2      | Found a faded altar of an unknown god.
  1965 | D:3      | Found a sacrificial altar of Ru.
  2209 | D:4      | Found an ancient bone altar of Kikubaaqudgha.
  2218 | D:4      | Reached XP level 5. HP: 32/33 MP: 5/5
  2264 | D:4      | Found a staircase to the Ecumenical Temple.
  2281 | Temple   | Entered the Ecumenical Temple
  2479 | Temple   | Became a worshipper of Warmaster Okawaru
  2595 | D:4      | Found Raloil's General Store.
  2767 | D:4      | Killed from afar by an orc wizard

Illustrated notes

# +. #.
#..####
#...@.#
#..##.#
#.. .#
... .#
#.# ..
# ##


Turn 831 on D:3: yay!

Levels and vault maps discovered:
D:1:      dpeg_arrival_boxes_within_box, layout_basic, minmay_distorted
D:2:      layout_rooms, basic_ecumenical_altar
D:3:      layout_basic, amcnicky_altar_gilded, serial_park_tiny_2
D:4:      layout_loops_ring, kiku_gazebo_garden_becter, tso_oasis_becter,
          minmay_temple_entry_glass, serial_shops, nicolae_inconvenience_store,
          minmay_misc_feat_more_columns, minmay_misc_feat_diagonals,
          kennysheep_generic_room_8
Temple:   nicolae_temple_slightly_damp_pantheon

Skill      XL: |  1  2  3  4 |
---------------+-------------+-----
Shields        | 4 |  4.5
Fighting       | 4 |  4.4
Armour         | 4 |  4.4
Maces & Flails | 3 |  3.3

Action                     |  1- 3 |  4- 6 || total
---------------------------+-------+-------++-------
  Melee: Flail             |   149 |   153 ||   302
 Armour: Scale mail        |    86 |    72 ||   158
         Chain mail        |       |    23 ||    23
  Dodge: Dodged            |    88 |    65 ||   153
  Block: Buckler           |    38 |    35 ||    73

Table legend: (Time is in decaauts)
 A = Elapsed time spent in this place.
 B = Non-inter-level travel time spent in this place.
 C = Inter-level travel time spent in this place.
 D = Time resting spent in this place.
 E = Time spent auto-exploring this place.
 F = Levels seen in this place.
 G = Mean time per level.
                   A        B        C        D        E       F      G
               +--------+--------+--------+--------+--------+-----+--------+
         Total |   2862 |   2708 |    154 |    179 |   1773 |   5 |  572.4 |
       Dungeon |   2592 |   2489 |    103 |    156 |   1618 |   4 |  648.0 |
        Temple |    269 |    218 |     51 |     23 |    155 |   1 |  269.0 |
               +--------+--------+--------+--------+--------+-----+--------+

Top non-repeatable levels by time:
     D:1: 836 daAuts
     D:3: 790 daAuts
     D:2: 635 daAuts
     D:4: 330 daAuts
  Temple: 269 daAuts
